1822 views
Uploaded 2022-12-27 21:50:46
Game version 1.32.10
11:50 long 1on1 ladder game on (2)NorthernIsles
Saved by DKnight
1822 views
Uploaded 2022-12-27 21:50:46
Game version 1.32.10
11:50 long 1on1 ladder game on (2)NorthernIsles

22 units @ 3.6k
/ 0.5k
9 buildings @ 1.5k
/ 0.5k


| Rod of Necromancy | 3 | 450 |
| Orb of Corruption | 1 | 375 |
| total: | 4 | 825g |
| Acolyte | 4 | 300 | / | 0 |
| Ghoul | 6 | 720 | / | 0 |
| Crypt Fiend | 10 | 2150 | / | 400 |
| Obsidian Statue | 2 | 400 | / | 70 |
| total: | 22 | 3570g | / | 470w |
| Crypt | 1 | 200 | / | 50 |
| Altar of Darkness | 1 | 180 | / | 50 |
| Ziggurat | 4 | 600 | / | 200 |
| Tomb of Relics | 1 | 130 | / | 30 |
| Graveyard | 1 | 215 | / | 0 |
| Slaughterhouse | 1 | 140 | / | 135 |
| Halls of the Dead | 1 | 320 | / | 210 |
| Black Citadel | 1 | 325 | / | 230 |
| total: | 9 | 1465g | / | 465w |
| 0:02 | Acolyte |
| 0:02 | Acolyte |
| 0:06 | Crypt |
| 0:09 | Altar of Darkness |
| 0:24 | Ziggurat |
| 0:33 | Acolyte |
| 0:43 | Acolyte |
| 1:04 | Tomb of Relics |
| 1:09 | Ghoul |
| 1:30 | Ghoul |
| 1:50 | Ghoul |
| 1:53 | Ziggurat |
| 2:16 | Rod of Necromancy |
| 2:21 | Death Coil |
| 2:41 | Halls of the Dead |
| 3:31 | Graveyard |
| 3:32 | Ghoul |
| 3:55 | Ghoul |
| 4:19 | Ghoul |
| 4:22 | Ziggurat |
| 5:26 | Black Citadel |
| 5:29 | Slaughterhouse |
| 5:54 | Crypt Fiend |
| 6:11 | Rod of Necromancy |
| 6:14 | Frost Nova |
| 6:31 | Ziggurat |
| 6:44 | Obsidian Statue |
| 6:58 | Unholy Aura |
| 7:25 | Crypt Fiend |
| 7:37 | Crypt Fiend |
| 7:46 | Crypt Fiend |
| 8:15 | Destroyer Form |
| 8:41 | Crypt Fiend |
| 9:11 | Crypt Fiend |
| 9:21 | Obsidian Statue |
| 9:31 | Orb of Corruption |
| 9:39 | Rod of Necromancy |
| 10:41 | Crypt Fiend |
| 10:44 | Dark Ritual |
| 11:07 | Crypt Fiend |
| 11:17 | Crypt Fiend |
| 11:30 | Crypt Fiend |
| Right click | 760 |
| Select group | 581 |
| Select | 181 |
| Build/train/purchase | 50 |
| Misc. action | 45 |
| Assign group | 38 |
| Use ability | 16 |
| Item give/drop | 2 |
| Remove unit | 1 |
/ 0.3k
14 buildings @ 1.9k
/ 0.8k


| Peasant | 15 | 1125 | / | 0 |
| Rifleman | 9 | 1845 | / | 270 |
| Footman | 1 | 135 | / | 0 |
| Priest | 2 | 270 | / | 20 |
| Sorceress | 2 | 310 | / | 40 |
| total: | 29 | 3685g | / | 330w |
| Altar of Kings | 1 | 180 | / | 50 |
| Farm | 6 | 480 | / | 120 |
| Barracks | 2 | 320 | / | 120 |
| Blacksmith | 1 | 140 | / | 60 |
| Lumber Mill | 1 | 120 | / | 0 |
| Town Hall | 1 | 385 | / | 205 |
| Arcane Sanctum | 2 | 300 | / | 280 |
| Keep | 1 | 320 | / | 210 |
| Castle | 1 | 360 | / | 210 |
| total: | 14 | 1925g | / | 835w |
| 0:05 | Altar of Kings |
| 0:06 | Peasant |
| 0:06 | Peasant |
| 0:17 | Farm |
| 0:23 | Peasant |
| 0:30 | Barracks |
| 0:41 | Peasant |
| 0:56 | Peasant |
| 1:12 | Farm |
| 1:16 | Peasant |
| 1:28 | Peasant |
| 1:33 | Blacksmith |
| 1:41 | Lumber Mill |
| 1:44 | Peasant |
| 1:56 | Peasant |
| 2:06 | Holy Light |
| 2:11 | Barracks |
| 2:22 | Peasant |
| 2:32 | Farm |
| 2:44 | Rifleman |
| 2:51 | Improved Lumber Harvesting |
| 3:22 | Footman |
| 3:24 | Rifleman |
| 3:37 | Rifleman |
| 4:07 | Peasant |
| 4:09 | Farm |
| 4:30 | Keep |
| 4:46 | Rifleman |
| 4:48 | Farm |
| 5:08 | Rifleman |
| 5:16 | Black Gunpowder |
| 5:31 | Devotion Aura |
| 6:14 | Rifleman |
| 6:18 | Farm |
| 6:48 | Holy Light |
| 7:36 | Peasant |
| 7:36 | Peasant |
| 7:37 | Rifleman |
| 7:57 | Arcane Sanctum |
| 7:58 | Peasant |
| 8:00 | Arcane Sanctum |
| 8:11 | Summon Water Elemental |
| 8:14 | Long Rifles |
| 8:57 | Town Hall |
| 9:12 | Peasant |
| 9:14 | Priest Adept Training |
| 9:14 | Priest |
| 9:30 | Priest |
| 9:44 | Devotion Aura |
| 10:00 | Rifleman |
| 10:19 | Sorceress Adept Training |
| 10:22 | Sorceress |
| 10:37 | Brilliance Aura |
| 10:41 | Castle |
| 10:49 | Sorceress |
| 11:18 | Rifleman |
| Right click | 385 |
| Select | 238 |
| Select group | 129 |
| Assign group | 73 |
| Build/train/purchase | 60 |
| Misc. action | 16 |
| Use ability | 16 |
| Remove unit | 3 |
โ